Map: Prion Terraces

Players

Zervas

  • Race: Zerg Zerg
  • League: Master

SortOf - Winner!

  • Race: Zerg Zerg
  • League: Master

Event: DreamHack ZOWIE Open Leipzig

VOD

Have the link to the VOD?

Description

Time

  • Played on: Jan. 22, 2016, 8:55 a.m.
  • Length: 6:52

All games in this series

Show
View Real Time Build Order
Export as new Build Order

Zervas Zerg 

Build Orders: Pool First, Zergling Baneling 

Get SALT Encoding   

  12  0:00  Drone  
  13  0:12  Overlord  
  13  0:17  Drone  
  14  0:30  Drone x2  
  14  0:34  Drone  
  17  0:39  Extractor  
  16  0:45  Drone  
  17  0:50  Spawning Pool  
  17  0:56  Drone  
  17  1:07  Drone  
  18  1:20  Hatchery  
  18  1:25  Drone  
  18  1:37  Queen  
  18  1:39  Zergling x2  
  21  1:45  Metabolic Boost  
  21  1:52  Overlord  
  21  2:03  Baneling Nest  
  20  2:10  Zergling x4  
  22  2:16  Queen  
  22  2:21  Zergling x2  
  25  2:29  Zergling x2  
  26  2:37  Zergling x4  
  28  2:48  Zergling x6  
  28  2:50  Baneling  
  28  2:51  Baneling  
  31  2:55  Baneling  
  31  3:02  Baneling  
  31  3:04  Overlord  
  30  3:09  Drone  
  30  3:10  Zergling x2  
  30  3:12  Zergling x2  
  33  3:13  Zergling x2  
  33  3:17  Zergling x2  
  33  3:18  Zergling x2  
  33  3:29  Zergling x6  
  33  3:30  Baneling  
  33  3:31  Baneling x2  
  34  3:34  Zergling x2  
  34  3:37  Zergling x2  
  34  3:43  Zergling x4  
  33  3:51  Queen  
  33  3:53  Baneling  
  33  3:54  Baneling  
  35  3:58  Zergling x2  
  35  4:00  Zergling x2  
  34  4:04  Zergling x2  
  33  4:15  Drone  
  34  4:17  Zergling x2  
  34  4:24  Zergling x6  
  34  4:28  Drone  
  38  4:32  Baneling x2  
  35  4:44  Zergling x8  
  35  4:48  Zergling x6  
  35  4:51  Baneling  
  35  4:52  Baneling  
  37  4:55  Baneling x2  
  37  4:57  Zergling x2  
  37  5:01  Zergling x4  
  39  5:12  Zergling x2  
  39  5:13  Roach Warren  
  39  5:14  Baneling  
  39  5:15  Baneling  
  39  5:21  Drone x2  
  41  5:28  Overlord  
  41  5:31  Baneling x2  
  34  5:35  Drone  
  34  5:36  Drone  
  34  5:39  Drone  
  29  6:02  Roach  
  29  6:03  Roach x2  
  33  6:08  Zergling x2  
  20  6:23  Zergling x2  
Show
View Real Time Build Order
Export as new Build Order

SortOf Zerg - Winner!

Build Orders: Pool First, Zergling Baneling 

Get SALT Encoding   

  12  0:00  Drone  
  13  0:13  Overlord  
  13  0:17  Drone  
  14  0:31  Drone x2  
  16  0:36  Drone  
  16  0:40  Extractor  
  16  0:45  Drone  
  17  0:51  Spawning Pool  
  17  0:56  Drone  
  17  1:07  Drone  
  18  1:22  Hatchery  
  18  1:25  Drone  
  18  1:35  Drone  
  18  1:38  Queen  
  21  1:44  Metabolic Boost  
  21  1:52  Overlord  
  21  1:55  Zergling x2  
  22  2:03  Baneling Nest  
  22  2:06  Zergling x2  
  22  2:16  Queen  
  22  2:19  Drone  
  25  2:26  Zergling x2  
  26  2:34  Zergling x2  
  26  2:35  Zergling x2  
  28  2:44  Zergling x2  
  28  2:48  Baneling  
  28  2:49  Baneling  
  29  2:52  Zergling x2  
  29  2:53  Zergling x4  
  32  3:04  Baneling x2  
  31  3:08  Drone x2, Overlord  
  31  3:12  Zergling x4  
  35  3:14  Baneling  
  35  3:15  Baneling  
  30  3:28  Drone  
  30  3:30  Drone x2  
  30  3:33  Baneling x2, Zergling x2  
  33  3:46  Drone x2  
  34  3:48  Extractor  
  34  3:49  Baneling x2  
  34  3:50  Zergling x8  
  34  3:54  Drone  
  36  4:05  Drone  
  36  4:06  Drone  
  36  4:11  Baneling x2  
  36  4:12  Zergling x6  
  39  4:21  Baneling x2  
  39  4:23  Drone x2, Overlord  
  41  4:35  Baneling  
  41  4:36  Zergling x2  
  41  4:37  Zergling x6  
  40  4:44  Baneling x2  
  38  4:47  Zergling x8  
  38  4:48  Zergling x2  
  42  4:56  Zergling x2  
  42  4:57  Zergling x4  
  42  4:59  Overlord  
  40  5:11  Baneling x5  
  40  5:13  Drone x2  
  42  5:18  Drone  
  42  5:26  Baneling  
  42  5:27  Baneling  
  42  5:28  Zergling x2  
  42  5:29  Zergling x6  
  45  5:39  Zergling x6  
  48  5:45  Drone  
  48  5:46  Baneling x2  
  48  5:52  Drone x5  
  48  5:56  Zergling x2  
  46  5:58  Zergling x4  
  46  6:00  Baneling  
  46  6:03  Drone  
  47  6:08  Drone  
  45  6:14  Roach Warren  
  45  6:16  Zergling x2  
  43  6:25  Drone x2  
  44  6:28  Spine Crawler  
  42  6:35  Drone x2  

Tags
 
Add a new tag
Caveats
  • Supply blocks, unpowered buildings, or Contaminate may cause inaccurate times.
  • Supply counts are checked every 10 seconds.